[Event "87th Spanish Championship 2022"]
[Site "Linares"]
[Date "2022.08.12"]
[Round "2.8"]
[White "Alshameary Puente, Ismael"]
[Black "Garriga Cazorla, Pere"]
[Result "0-1"]
[ECO "E04"]
[WhiteElo "2352"]
[BlackElo "2505"]
[Annotator "TA"]
[PlyCount "118"]
[EventDate "2022.08.11"]
[EventType "swiss"]
[EventCountry "ESP"]
[SourceTitle "playchess.com"]
[Source "ChessBase"]
[SourceQuality "1"]
[TimeControl "5400+30"]

1. d4 Nf6 2. c4 e6 3. g3 d5 4. Bg2 dxc4 5. Nf3 Nc6 6. O-O Rb8 7. Nc3 b5 8. e4 {[%emt 0:06:22] E04: Open Catalan: 5 Nf3.} b4 9. Na4 (9. Qa4 $2 bxc3 10. bxc3 (10. Qxc6+ $2 Bd7 $19) 10... Bd7 $19) 9... Be7 (9... Nxe4 10. Nd2 $16) 10. Qe2 {[%emt 0:29:14] The position is equal.} Ba6 11. Rd1 Bb5 12. Nc5 O-O (12... c3 $6 13. Qc2 $11) 13. a4 bxa3 $1 {[%emt 0:00:13] [#]} 14. Rxa3 $146 ({Predecessor:} 14. bxa3 Na5 15. a4 Bc6 16. Ne5 Ba8 17. Be3 Qc8 18. Qc2 Nb3 19. Rab1 Nxc5 20. dxc5 {1-0 (56) Sanzhaev,D (2366)-Dragun,K (2530) Al Ain 2013}) 14... Bxc5 15. dxc5 Qe7 (15... c3 $6 16. Qe1 cxb2 17. Bxb2 $15) 16. e5 {[%emt 0:04:51] Black must now prevent Bg5.} Nd5 17. Qe4 h6 {[%emt 0:04:40] Against Ng5} 18. Qg4 c3 19. bxc3 {[%emt 0:01:52] c4 is the strong threat.} (19. Bxh6 f5 20. exf6 Nxf6 21. Qxg7+ Qxg7 $19) 19... Be2 (19... f5 20. exf6 Nxf6 21. Qg6 $11) 20. Re1 (20. Bxh6 $17 f5 21. exf6 Qxf6 22. Re1 (22. Bg5 $2 Bxf3 23. Bxf3 Qxf3 $19)) 20... Nxe5 $1 $19 21. Qe4 Nxf3+ 22. Bxf3 Bxf3 23. Qxf3 Qxc5 24. Ra4 Qxc3 (24... Nxc3 25. Ba3 Nxa4 26. Bxc5 Nxc5 27. Qa3 $11) 25. Qe2 (25. Qxc3 {is a better defense.} Nxc3 26. Rxa7) 25... Rb1 26. Rc4 Qf6 27. Kg2 Rfb8 28. Be3 $2 (28. Qe4) 28... Rxe1 29. Qxe1 a6 30. Bd4 Qf5 31. Qe2 Rb4 32. Rxb4 Nxb4 33. Bxg7 (33. Qe5 $142 Qxe5 34. Bxe5) 33... Kxg7 34. Qb2+ Kh7 35. Qxb4 {[%emt 0:00:06][%mdl 4096] Endgame KQ-KQ} Qd5+ 36. Kg1 c5 37. Qa4 (37. Qf4 Kg7 38. Qg4+ Kf8 39. Qf4) 37... c4 38. Qxa6 c3 (38... Qd1+ $142 39. Kg2 c3 40. Qa7 Kg6 41. Qe3 c2 42. Qe4+ Kg7 43. Qe5+ f6 44. Qxe6 c1=Q 45. Qe7+ Kg6 46. Qe8+ Kg7 47. Qe7+ Kg8 48. Qe6+ Kg7 49. Qe7+) 39. Qe2 Qf5 {[%emt 0:02:17] Hoping for ...Kg8.} 40. Qc4 Qf3 {[%emt 0:01:24] ( -> ...Qd1+)} 41. Qc7 Kg6 42. h4 Qd1+ 43. Kg2 c2 $2 (43... Qd2 44. h5+ Kf6 45. Qb8 c2 46. Qb2+ Kf5 47. Qg7 c1=Q 48. Qxf7+ Ke5 49. Qg7+ Kd6 50. Qf8+ Kc7 51. Qf7+ Qd7 52. Qxd7+ Kxd7 53. Kf3 Qd2 54. g4 e5 55. Ke4 Qd4+ 56. Kf3 Qd3+ 57. Kg2 e4 58. g5 hxg5 59. Kh2 Qf3 60. Kg1 e3 61. fxe3 g4 62. Kh2 Qf2+ 63. Kh1 g3 64. h6 Qh2#) 44. h5+ $1 $15 Kg7 (44... Kxh5 $2 {is a self mate.} 45. Qxf7+ Kg5 46. f4+ Kg4 47. Qg6#) 45. Qe5+ Kh7 46. Qc7 $1 Qd5+ ({Reject} 46... c1=Q 47. Qxf7+ Kh8 48. Qe8+ (48. Qf8+ Kh7 $11) 48... Kh7 49. Qg6+ Kh8 50. Qe8+ Kh7 51. Qg6+ Kh8 52. Qe8+ $11) 47. Kg1 $1 Qf5 48. Kg2 $2 {[%emt 0:00:40][%mdl 8192] [#] Loses the game.} (48. Qc4 $15) 48... Qe4+ $1 $19 49. Kg1 {[%emt 0:00:44] [#]} Kg7 50. Qc3+ e5 51. Kh2 Kf6 52. Qc7 Qd3 53. Qc6+ Kg5 54. Qc5 Qf5 ({Stronger than} 54... Qd2 55. Qxe5+ f5 56. Kh3 $11) (54... Qe2 $142 55. Kg2 Qe4+ 56. f3 Qe2+ 57. Kh3 Kxh5 58. Qe7 Qxf3 59. Qxe5+ Kg6 60. Qe1 Qh5+ 61. Kg2 Qd5+ 62. Kh2 Qc5 63. Qe4+ Kg7 64. Qg4+ Kh8 65. Kh3 c1=Q 66. Qf3 Q5g1 67. Qf6+ Kg8 68. Qf3 h5 69. Qg4+ hxg4+ 70. Kh4 Qh2+ 71. Kxg4 Qe2+ 72. Kh4 Qh6#) 55. Kg2 Kxh5 $2 (55... Qe4+ {mates} 56. f3 Qe2+ 57. Kh3 Kxh5 58. Qd5 Kg6 59. Qc6+ Kg7 60. Qc5 Qf1+ 61. Kh2 c1=Q 62. Qxe5+ Kg6 63. Qe4+ Kf6 64. Qd4+ Ke6 65. Qg4+ Kd6 66. Qd4+ Kc6 67. Qa4+ Kb6 68. Qb4+ Qb5 69. Qd4+ Kc7 70. Qa7+ Kc6 71. Qa8+ Kd6 72. Qd8+ Ke6 73. Qe8+ Qxe8 74. Kg2 Qd2+ 75. Kh3 f5 76. g4 f4 77. Kh4 Qh2#) 56. f3 $2 (56. Qc4 $19) 56... Kg6 (56... Qd3 $142 57. Qc8 Kg6 58. Qg8+ Kf6 59. Qh8+ Ke7 60. Qxe5+ Kd7 61. Qf4 Qe2+ 62. Kh3 Qf1+ 63. Kg4 c1=Q 64. Qf5+ Kc6 65. Qc8+ Kb5 66. Qb7+ Ka4 67. Qe4+ Kb5 68. Qb7+ Ka5 69. Qa8+ Kb4 70. Qb8+ Kc3 71. Qe5+ Kb3 72. Qb8+ Kc2 73. Qc7+ Kd3 74. Qd6+ Ke2 75. Qa6+ Kf2 76. Qxf1+ Qxf1 77. Kf5 Qe2 78. Kf6 Kxf3 79. g4 Qe6+ 80. Kg7 Kxg4 81. Kg8 Kg5 82. Kg7 Qe8 83. Kh7 Kf6 84. Kxh6 Qh8#) 57. g4 Qd3 {[%emt 0:00:34] Black mates.} 58. Qc8 Kg7 59. Qc5 Qe2+ {[%emt 0:00:08] Weighted Error Value: White=1.32/Black=0.71} 0-1

[Event "87th Spanish Championship 2022"]
[Site "Linares"]
[Date "2022.08.12"]
[Round "2.9"]
[White "Lopez Martinez, Josep Manuel"]
[Black "Garrido Diaz, Jose Antonio"]
[Result "1-0"]
[ECO "D51"]
[WhiteElo "2486"]
[BlackElo "2306"]
[Annotator "TA"]
[PlyCount "75"]
[EventDate "2022.08.11"]
[EventType "swiss"]
[EventCountry "ESP"]
[SourceTitle "playchess.com"]
[Source "ChessBase"]
[SourceQuality "1"]
[TimeControl "5400+30"]

1. d4 d5 2. c4 e6 3. Nc3 Nf6 4. Bg5 c6 5. e3 Nbd7 6. cxd5 exd5 7. Bd3 Be7 8. Nge2 h6 9. Bh4 {[%emt 0:00:29] D35: Queen's Gambit Declined: Exchange Variation.} Nh5 10. Bxe7 Qxe7 11. Qc2 {[%emt 0:07:54] White has an edge. Recently 11.Qd2 got a lot of attention.} Nhf6 12. h3 {[%emt 0:04:25] [#]} a5 $146 ({Predecessor:} 12... Nb6 13. O-O-O Bd7 14. Kb1 Nc8 15. Ng3 Nd6 16. f3 b5 17. e4 dxe4 18. fxe4 Nb7 {1-0 (41) Pinazo Donoso,J (2110)-Adillon Bosch,J Spain 1999}) 13. O-O O-O 14. Na4 Re8 15. Ng3 g6 16. Rfe1 Qd6 $2 {[%emt 0:08:36] A mistake that costs the game.} (16... Nf8 $11 {and Black is okay.}) 17. Bxg6 $1 $18 fxg6 $2 (17... b5 {is a better defense.}) 18. Qxg6+ Kh8 19. Qxh6+ Kg8 20. Qg6+ Kh8 {[%emt 0:00:09] [#]} 21. Nb6 $1 Nxb6 22. Nh5 Qf8 {[%emt 0:01:11] Against Qg7+} (22... Re7 $142) 23. Nxf6 Re7 {[%emt 0:00:15] [#] Inhibits Qh7+.} 24. e4 $1 {[%emt 0:00:56][%cal Be3e4,Be4e5,Be5f6][%mdl 32] Re3 is the strong threat.} (24. Qh5+ Kg7 25. Qg5+ Kf7 $11) 24... Nd7 25. e5 {[%emt 0:08:10] White threatens Qh5+ and mate.} ({Not} 25. Qh5+ Kg7 26. Qg5+ Kf7 $18) 25... Nxf6 26. exf6 ({Inferior is} 26. Qxf6+ Qxf6 27. exf6 Re4 $15) 26... Re6 27. Re5 Rxe5 28. dxe5 Be6 29. f4 $2 (29. Qh5+ Kg8 30. f4) 29... Bf7 30. Qg5 {[%emt 0:01:16] Hoping for Qh4+.} Re8 $2 (30... Qg8 31. Qxg8+ (31. Qh6+ Qh7 $18) 31... Kxg8) 31. f5 {[%emt 0:02:38] Threatening mate with Qh4+.} Qg8 32. Qf4 d4 33. e6 {[%emt 0:00:46] Qh6+ would kill now.} Rd8 34. Rd1 {[%emt 0:03:27] Threatens to win with Rd3.} c5 35. Rd3 {[%emt 0:00:54] White mates.} Be8 36. Rg3 Qh7 37. f7 Bxf7 38. Qe5+ {[%emt 0:00:08] Weighted Error Value: White=0.25 (precise) /Black=0.78} 1-0

[Event "87th Spanish Championship 2022"]
[Site "Linares"]
[Date "2022.08.12"]
[Round "2.10"]
[White "Luque Saiz, Andres"]
[Black "Gines Esteo, Pedro Antonio"]
[Result "0-1"]
[ECO "B18"]
[WhiteElo "2289"]
[BlackElo "2455"]
[Annotator "TA"]
[PlyCount "110"]
[EventDate "2022.08.11"]
[EventType "swiss"]
[EventCountry "ESP"]
[SourceTitle "playchess.com"]
[Source "ChessBase"]
[SourceQuality "1"]
[TimeControl "5400+30"]

1. e4 c6 2. d4 d5 3. Nd2 dxe4 4. Nxe4 Bf5 5. Ng3 Bg6 6. Nh3 e6 7. Nf4 Bd6 8. h4 Qc7 9. Nxg6 hxg6 10. Ne4 {[%emt 0:00:08] B18: Classical Caro-Kann: 4...Bf5 sidelines.} Nf6 11. Nxd6+ Qxd6 12. c3 {[%emt 0:00:17] White is slightly better.} Nbd7 13. Bc4 {[%emt 0:06:14] [#]} c5 $146 ({Predecessor:} 13... a5 14. Qf3 a4 15. a3 Rc8 16. Bf4 Qe7 17. O-O-O b5 18. Ba2 Nd5 19. Bg5 f6 {1-0 (35) Tan,J (2375)-Olson,H (2050) Glasgow 2014}) 14. Be3 cxd4 15. Qxd4 Qxd4 16. Bxd4 g5 17. g3 gxh4 18. gxh4 Ke7 19. O-O-O Rh7 20. Bd3 g6 21. Be3 Nd5 22. Bb5 a6 23. Bg5+ {[%emt 0:02:57] This bishop pair is nice.} f6 24. Bxd7 fxg5 25. Bxe6 Kxe6 26. Rhe1+ Kd6 27. c4 {[%emt 0:00:09][%mdl 64] [#] Pin} gxh4 28. Rxd5+ $11 {[%emt 0:00:14][%mdl 4096] Endgame KRR-KRR} Kc7 29. Rc5+ $1 Kb6 30. Rg5 Rf8 {[%emt 0:12:16] Strongly threatening ...h3.} 31. Rxg6+ Kc5 32. Rg5+ Kb4 33. Rg2 h3 34. Rh2 Rf3 35. Re3 $2 {[%emt 0:05:24][%mdl 8192] Black keeps a firm grip on the game.} (35. Kd2 $11 {and White is okay.}) 35... Rxe3 $19 36. fxe3 Kxc4 {[%emt 0:00:06] And now ...Kd3 would win. KR-KR} 37. Kd2 Kd5 38. Kd3 Ke5 39. Ke2 Ke4 40. b4 $2 (40. Kf1) 40... b5 41. a3 Rh6 42. Rh1 h2 43. Kf2 Rh3 {[%emt 0:00:59] aiming for ...Rf3+.} 44. Kg2 Rxe3 45. Ra1 Re2+ 46. Kh1 Rb2 $2 (46... Ke3 $19 {and Black stays clearly on top. ( -> ...Kf2)} 47. a4 Rb2 48. axb5 axb5) 47. a4 $2 {[%emt 0:01:11][%mdl 8192] [#]} (47. Re1+ $17 Kf5 48. Rf1+ Ke5 49. Rf3) 47... Rxb4 {[%emt 0:00:07] Black mates.} 48. axb5 axb5 49. Kxh2 Ra4 50. Rd1 b4 51. Kg3 b3 52. Rd8 Rb4 53. Rf8 Kd3 54. Rf3+ Kc2 55. Rf2+ Kb1 {[%emt 0:00:11] Weighted Error Value: White=0.66/Black=0.32} 0-1

[Event "87th Spanish Championship 2022"]
[Site "Linares"]
[Date "2022.08.12"]
[Round "2.11"]
[White "Garcia Martin, Marta"]
[Black "Ladron De Guevara Pinto, Paolo"]
[Result "1-0"]
[ECO "B00"]
[WhiteElo "2305"]
[BlackElo "2444"]
[Annotator "TA"]
[PlyCount "73"]
[EventDate "2022.08.11"]
[EventType "swiss"]
[EventCountry "ESP"]
[SourceTitle "playchess.com"]
[Source "ChessBase"]
[SourceQuality "1"]
[TimeControl "5400+30"]

1. e4 Nc6 2. Nf3 d6 3. d4 Nf6 4. Nc3 g6 5. d5 Nb8 6. Bc4 Bg7 7. O-O O-O {[%emt 0:00:13] B06: Modern Defence.} 8. Re1 c6 9. a4 Qc7 {[%emt 0:08:14] White is slightly better.} 10. Bf1 Nbd7 11. h3 Re8 12. Bf4 {[%emt 0:16:11] [#]} Nh5 $146 (12... a6 $11 {feels stronger.}) ({Predecessor:} 12... cxd5 13. exd5 a6 14. Qd2 b6 15. Bh6 Bh8 16. Re3 Bb7 17. Rae1 Ne5 18. Nxe5 dxe5 19. Rxe5 {0-1 (45) Zavgorodniy,S (2225)-Zajarnyi,A (2380) St Petersburg 2000}) 13. Be3 $14 Nf8 14. Qd2 Nf6 15. a5 e6 16. a6 (16. Bd4 $14) 16... bxa6 (16... cxd5 $1 $11 17. exd5 bxa6) 17. dxc6 Qxc6 18. Nd4 Qc7 19. Bxa6 Bxa6 20. Rxa6 {[%emt 0:00:04] Strongly threatening Ndb5.} Qb7 21. Qd3 d5 22. Qb5 $36 {[%emt 0:00:46][%mdl 2048] White is pushing.} Qc8 {[%emt 0:01:56] [#]} (22... Rab8 $11 {keeps the balance.}) 23. Nc6 $1 $16 Nxe4 $2 (23... N6d7 $16) 24. Nxe4 $18 (24. Nxa7 Qb8 $11) 24... dxe4 25. Rd1 (25. Rxa7 Rxa7 26. Nxa7 (26. Bxa7 Qd7 $11) 26... Qb8 $16) (25. Bxa7 Bxb2 26. Rxe4 Bf6 $14) 25... h5 26. Bc5 (26. Rxa7 $6 Rxa7 27. Bxa7 Nd7 $16) 26... Kh7 (26... Bxb2 $2 27. Bxf8 (27. Nxa7 Qc7 $11) 27... Bf6 28. Bd6 $18 (28. Rxa7 Rxf8 29. Rdd7 Rxa7 $15) (28. Nxa7 $2 Qxc2 29. Qf1 Rxf8 $19)) 27. b4 (27. Bxa7 $6 Qc7 $16) (27. Nxa7 Qc7 $14) (27. Rxa7 $6 Rxa7 28. Nxa7 Qa8 $14) 27... e5 (27... Nd7 $2 28. Nxa7 Rb8 29. Rb6 (29. Qxd7 Qxa6 30. Qxf7 Rf8 $11) 29... Rxb6 30. Bxb6 Qxc2 31. Rxd7 $18) 28. Rxa7 ({Resist} 28. Nxa7 $6 Qf5 $16) (28. c4 $18) 28... Qf5 $2 {[%emt 0:00:26] A mistake that costs the game.} (28... Rxa7 $16 29. Nxa7 Qa8) 29. Ne7 Qg5 30. Rxa8 Rxa8 31. Qb7 Re8 32. Nd5 Ne6 (32... Qf5 $142 33. Ne3 Qe6) 33. Qxf7 Nf4 34. Nxf4 {[%emt 0:00:05][%cal Od1d7] [#] Rd7! would kill now. Active counter play!} exf4 35. Qxe8 {[%emt 0:00:32] White wants to mate with Rd7.} f3 36. g3 {[%emt 0:00:03] Threatening mate with Rd7.} h4 37. Be3 {[%emt 0:01:19] Weighted Error Value: White=0.12 (very precise) /Black=0.89} (37. g4 $142 Qe5 38. Qf7 Qf6 39. Qb7 Kg8 40. Qxe4 Qe5 41. Qxg6 Qf6 42. Qe4) 1-0

[Event "87th Spanish Championship 2022"]
[Site "Linares"]
[Date "2022.08.12"]
[Round "2.12"]
[White "Cesar Maestre, Bernardo"]
[Black "Plazuelo Pascual, Juan"]
[Result "1/2-1/2"]
[ECO "B90"]
[WhiteElo "2343"]
[BlackElo "2448"]
[Annotator "TA"]
[PlyCount "67"]
[EventDate "2022.08.11"]
[EventType "swiss"]
[EventCountry "ESP"]
[SourceTitle "playchess.com"]
[Source "ChessBase"]
[SourceQuality "1"]
[TimeControl "5400+30"]

1. e4 c5 2. Nf3 d6 3. d4 cxd4 4. Nxd4 Nf6 5. Nc3 a6 6. Be3 e5 7. Nb3 Be7 8. Qd2 {[%emt 0:00:37] B90: Sicilian Najdorf: Unusual White 6th moves, 6 Be3 Ng4 and 6 Be3 e5.} Ng4 9. g3 Be6 {[%emt 0:04:59] 9...0-0 is the modern continuation.} 10. O-O-O {[%emt 0:00:15] The position is equal.} Nd7 11. f4 Nxe3 12. Qxe3 Rc8 {[%emt 0:08:30] is the legacy move (12...b5).} 13. Kb1 Qb6 14. Qf3 Nf6 {[%emt 0:02:59] [#] Hoping for ...Bg4.} 15. f5 Bd7 {[%emt 0:02:40][%cal Oc8c3] [#]} 16. g4 $146 (16. Nd2 $14) ({Predecessor:} 16. Nd2 O-O 17. Nc4 Qa7 18. g4 b5 19. g5 bxc4 20. gxf6 Bxf6 21. Nd5 Bd8 22. f6 {0-1 (53) Pruijssers,R (2503)-Gharamian,T (2660) Germany 2016}) 16... h5 $11 17. gxh5 {[%emt 0:14:32] [#]} a5 (17... Rxc3 $142 $1 18. bxc3 Rxh5) 18. Nd5 Nxd5 19. Rxd5 Qc7 20. Na1 Bc6 21. Bb5 Kf8 22. Bxc6 bxc6 23. Rd3 Rh6 24. Nb3 Bd8 (24... a4 $11 25. Nd2 d5) 25. Nd2 Qe7 (25... Bf6 $16 {was worth a try.}) 26. Qg4 {[%emt 0:05:13][%cal Of5f6] Black must now prevent f6!} Qg5 27. Qxg5 ({White should try} 27. Qe2 $16) 27... Bxg5 $14 28. Nc4 Be7 (28... d5 $1 $11 {remains equal.} 29. Nb6 (29. Nxe5 dxe4 30. Rd7 e3 $11) (29. exd5 e4 $11) (29. Nxa5 dxe4 30. Rh3 Bf4 $11) 29... Rd8) 29. Rh3 {[%emt 0:06:16] White is more active.} Bd8 30. Ne3 Bg5 31. Ng4 Rh7 32. Rd1 Rd8 33. Rhd3 ({White should play} 33. h6 $16) 33... Rxh5 $11 34. Nxe5 {[%emt 0:06:46] Weighted Error Value: White=0.21 (precise) /Black=0.23 (precise)} 1/2-1/2

[Event "87th Spanish Championship 2022"]
[Site "Linares"]
[Date "2022.08.12"]
[Round "2.13"]
[White "Castellanos Gomez, Alejandro"]
[Black "Gonzalez Perez, Arian"]
[Result "1/2-1/2"]
[ECO "D00"]
[WhiteElo "2266"]
[BlackElo "2418"]
[Annotator "TA"]
[PlyCount "69"]
[EventDate "2022.08.11"]
[EventType "swiss"]
[EventCountry "ESP"]
[SourceTitle "playchess.com"]
[Source "ChessBase"]
[SourceQuality "1"]
[TimeControl "5400+30"]

1. d4 d5 2. Bf4 Nf6 3. e3 c5 4. c3 Nc6 5. Nd2 Bf5 6. Qb3 {[%emt 0:00:41] D00: 1 d4 d5: Unusual lines.} Qc8 7. c4 e6 8. cxd5 {[%emt 0:00:21] [#]} exd5 $146 {[%emt 0:04:22] next ...Nh5 is good for Black.} ({Predecessor:} 8... Nxd5 9. Bg3 Nf6 10. dxc5 Nd7 11. e4 Nxc5 12. Qe3 Nxe4 13. Nxe4 Bxe4 14. Qxe4 Bb4+ 15. Ke2 f5 {½-½ (15) Gleichmann,M (2550)-Vinchev,S (2465) GER email 2015}) 9. dxc5 $1 Bxc5 10. Rc1 Bb6 11. Qa3 Qe6 12. Ngf3 Rd8 13. Bb5 Qe7 $1 14. Bxc6+ bxc6 15. Qxe7+ Kxe7 16. Ne5 Rc8 17. Nxc6+ Kd7 18. Ne5+ {[%emt 0:10:18] Pair of Knights!} Ke6 19. O-O (19. Ke2 $1 $14) 19... g5 $1 $11 {[%emt 0:16:32] The position is equal.} 20. Bg3 Nh5 21. Nc6 {[%emt 0:02:12] Black must now prevent Be5.} Nxg3 22. hxg3 Kd6 $1 23. Nd4 Bxd4 24. exd4 Rhe8 25. Rxc8 Rxc8 {[%emt 0:00:29][%mdl 4096] Endgame KRB-KRN} 26. f4 g4 27. Nb3 Rc2 28. Rf2 Rc4 29. Rd2 Be4 30. Kf2 f5 31. Ke3 h5 32. Re2 Ke7 33. Rd2 Kd6 34. Rf2 Ke7 35. Rd2 {[%emt 0:07:27] Weighted Error Value: White=0.03 (flawless) /Black=0.02 (flawless)} 1/2-1/2

[Event "87th Spanish Championship 2022"]
[Site "Linares"]
[Date "2022.08.12"]
[Round "2.14"]
[White "Lopez Varela, Pablo"]
[Black "Espinosa Aranda, Angel"]
[Result "1/2-1/2"]
[ECO "B40"]
[WhiteElo "2158"]
[BlackElo "2439"]
[Annotator "TA"]
[PlyCount "78"]
[EventDate "2022.08.11"]
[EventType "swiss"]
[EventCountry "ESP"]
[SourceTitle "playchess.com"]
[Source "ChessBase"]
[SourceQuality "1"]
[TimeControl "5400+30"]

1. e4 c5 2. Nf3 e6 3. d4 cxd4 4. c3 dxc3 5. Nxc3 Nc6 6. Bc4 Bb4 7. O-O Nge7 $1 {[%emt 0:00:15] 7...Nge7 scores better than 7...Bxc3.} 8. Qc2 {[%emt 0:03:44] B21: Sicilian: 2 f4 and Morra Gambit.} O-O ({Much weaker is} 8... d5 9. Rd1 Bxc3 10. bxc3 $11) 9. Rd1 Ng6 10. Bg5 {[%emt 0:04:10] Black is slightly better.} Qa5 {[%emt 0:06:22] [#]} 11. a3 $146 ({Predecessor:} 11. Nb5 a6 12. a3 axb5 13. axb4 Qxa1 14. Rxa1 Rxa1+ 15. Bf1 d5 16. b3 dxe4 17. Qxe4 {0-1 (48) Moura,E (2134)-Hoffman,A (2454) Florianopolis 2019}) 11... Bxc3 12. b4 Qc7 13. Qxc3 $11 {[%emt 0:01:05] The position is equal.} Nce5 14. Nxe5 Nxe5 15. Rac1 Nxc4 16. Qxc4 Qxc4 17. Rxc4 d5 18. exd5 exd5 19. Rc7 ({Avoid the trap} 19. Rxd5 $2 Be6 20. Rcd4 Bxd5 21. Rxd5 f6 $19) 19... b6 20. Rxd5 Be6 21. Rd6 h6 22. Be3 Rfc8 23. Rcc6 Rxc6 24. Rxc6 {[%emt 0:00:10][%mdl 4096] Endgame KRB-KRB} Rd8 {[%emt 0:00:07][%cal Rd8d1] [#]} 25. Rc1 {[%emt 0:08:06] Inhibits Rd1+.} Rd3 26. Ra1 $1 Rb3 27. h4 Kh7 28. Bd2 Rb2 29. Bc3 Rc2 30. Bd4 Rd2 31. Be3 Rb2 32. Bc1 Rb3 33. Bd2 Kg6 34. f3 Rb2 35. Bc3 Rc2 36. Be1 b5 37. a4 bxa4 38. Rxa4 Ra2 39. Rxa2 Bxa2 {[%emt 0:00:08] Weighted Error Value: White=0.02 (flawless) /Black=0.03 (flawless)} 1/2-1/2

[Event "87th Spanish Championship 2022"]
[Site "Linares"]
[Date "2022.08.12"]
[Round "2.15"]
[White "Merario Alarcon, Andres"]
[Black "Carbonell Sancho, Marc"]
[Result "1-0"]
[ECO "D85"]
[WhiteElo "2418"]
[BlackElo "2284"]
[Annotator "TA"]
[PlyCount "93"]
[EventDate "2022.08.11"]
[EventType "swiss"]
[EventCountry "ESP"]
[SourceTitle "playchess.com"]
[Source "ChessBase"]
[SourceQuality "1"]
[TimeControl "5400+30"]

1. d4 Nf6 2. c4 g6 3. Nc3 d5 4. cxd5 Nxd5 5. e4 Nxc3 6. bxc3 Bg7 7. Nf3 $1 {[%emt 0:00:44][%mdl 4] is currently scoring better than 7.Bc4.} c5 8. Rb1 O-O 9. h3 {[%emt 0:00:16] D85: Exchange Grünfeld: Unusual White 7th moves and lines with 7 Nf3.} Nc6 10. d5 Ne5 ({Black should try} 10... Bxc3+ $15 11. Bd2 Bxd2+ 12. Qxd2 Na5) 11. Nxe5 $11 {[%emt 0:00:20] The position is equal.} Bxe5 12. Qc2 f5 {[%emt 0:08:57] [#]} 13. Bh6 $146 ({Predecessor:} 13. Bd3 f4 14. Be2 b6 15. c4 e6 16. Bb2 Bxb2 17. Qxb2 Qg5 18. Kf1 e5 19. Rd1 {½-½ (38) Borrmann,L (2232)-Finek,V (2419) Vienna 2022}) 13... Bg7 (13... Rf7 $11) 14. Bxg7 $14 Kxg7 15. Bd3 Qc7 16. c4 Qa5+ 17. Kf1 fxe4 18. Bxe4 Qc7 19. Qc3+ ({Better is} 19. h4 $16) 19... Kg8 20. g3 Bf5 21. Re1 Rae8 22. Bxf5 {[%emt 0:04:41] White is more active.} Rxf5 23. Kg2 Ref8 24. Rhf1 R8f7 25. a4 Qd7 26. Qa5 Rh5 $1 27. g4 Rxh3 28. Kxh3 Rf3+ 29. Kh2 ({But not} 29. Kh4 $2 Qd6 $19) 29... Qxg4 {[%emt 0:00:12][%csl Gg4][%cal Rf3h3] [#]} 30. Qd8+ Rf8 31. Qc7 {[%emt 0:00:31] And now f3 would win.} Rf3 $1 32. Qb8+ Kg7 $2 {[%emt 0:02:55][%mdl 8192] Black is on the road to losing.} (32... Kf7 $11 33. Re3 Qh5+ 34. Kg2 Qg4+ 35. Kh2 Qh5+ 36. Kg2 Qg4+ 37. Kh2) 33. Qe5+ ({And not} 33. Re3 Qh3+ 34. Kg1 Qg4+ 35. Kh2 Qh3+ 36. Kg1 Qg4+ 37. Kh2 $11) 33... Kh6 34. Re3 Qh3+ 35. Kg1 Qg4+ 36. Kh1 Rf5 37. Qg3 Rh5+ (37... Qxc4 $142 38. Rd1 Rg5) 38. Kg1 Qxc4 {[%emt 0:00:13] Strongly threatening ...Rg5.} 39. Re5 {[%emt 0:01:47] Inhibits Rg5.} Rh4 {[%emt 0:00:03] White must now prevent ...Rg4.} 40. Qg5+ {[%emt 0:00:39] White mates.} Kg7 41. Qxe7+ Kg8 42. Qd8+ Kg7 {[%emt 0:00:07] [#]} 43. Re7+ $1 Kh6 44. Qf8+ Kg5 45. Re5+ Kg4 46. f3+ Kh3 47. Qc8+ {[%emt 0:00:09] Weighted Error Value: White=0.39/Black=0.14 (very precise)} 1-0

[Event "87th Spanish Championship 2022"]
[Site "Linares"]
[Date "2022.08.12"]
[Round "2.17"]
[White "Moreno Tejera, Emilio"]
[Black "Gonzalez Guedes, Iyan"]
[Result "0-1"]
[ECO "B92"]
[WhiteElo "2420"]
[BlackElo "2250"]
[Annotator "TA"]
[PlyCount "100"]
[EventDate "2022.08.11"]
[EventType "swiss"]
[EventCountry "ESP"]
[SourceTitle "playchess.com"]
[Source "ChessBase"]
[SourceQuality "1"]
[TimeControl "5400+30"]

1. e4 c5 2. Nf3 d6 3. d4 cxd4 4. Nxd4 Nf6 5. Nc3 a6 6. Be2 e5 7. Nb3 Be7 8. O-O O-O 9. Kh1 Be6 10. f4 exf4 11. Bxf4 Nc6 12. Qe1 Ne5 13. Rd1 {[%emt 0:01:05] B92: Sicilian Najdorf: 6 Be2.} Nfd7 14. Nd4 Qc7 (14... Rc8 $11) 15. Qg3 {[%emt 0:01:33] White is slightly better.} (15. Nf5 $5 Rfe8 16. Nxe7+ Rxe7 17. Qd2 $14) 15... Kh8 {[%emt 0:08:02] [#]} 16. Nf5 $146 ({Predecessor:} 16. Nd5 Bxd5 17. exd5 Rg8 18. b3 Ng6 19. Bc1 Bh4 20. Qh3 Nde5 21. c4 Rae8 22. Nf5 {1-0 (47) Belova,O (2009)-Rakhmatullin,I Kazan 2011}) 16... Bxf5 17. exf5 Nf6 18. Bg5 Ned7 (18... Rac8 $11) 19. Bf3 $40 {[%emt 0:18:31][%mdl 128] White is up to no good.} Rad8 20. Rfe1 Rfe8 21. Be3 Bf8 22. Bd4 Ne5 (22... Rxe1+ $11 {was preferrable.} 23. Rxe1 Ne5) 23. Nd5 $16 Nxd5 24. Bxd5 Qxc2 25. Bxb7 Qxf5 26. Bxa6 Ra8 27. Bb5 {[%emt 0:00:18] This bishop pair is nice.} Re6 28. a4 Rg6 29. Qh4 ({Inferior is} 29. Bxe5 Rxg3 30. Bxg3 Qc5 $11) 29... Rg4 (29... Nf3 $16 30. Qe4 Qxe4 31. Rxe4 d5) 30. Qh3 $18 {[%emt 0:00:38] [#] And now Bxe5 would win.} Qg5 31. Bf2 f5 32. b3 Rc8 (32... Be7 $16 33. Qe3 Rb4) 33. Be2 ({Better is} 33. a5 $18) 33... Rb4 (33... Re4 $16 {keeps fighting.}) 34. Be3 ({White should play} 34. a5 $18) 34... Qg6 (34... Qf6 $16) 35. Bd2 Rd4 36. Qe3 (36. Rf1 $18 {has better winning chances.}) 36... Re4 $16 37. Qg5 (37. Qg3 $16) 37... Qe6 $11 {[%emt 0:00:53] [#] Strongly threatening ...Be7.} 38. Ba6 Ra8 {[%emt 0:01:21] ...h6 is the strong threat.} 39. Rxe4 fxe4 40. Rf1 Be7 41. Bb7 $2 (41. Qh5 $11) 41... Bxg5 $19 42. Bxa8 Bf6 43. a5 Qxb3 44. Bxe4 Nc4 45. a6 {[%emt 0:00:29] Black must now prevent a7.} Qa4 46. Rb1 g5 47. Rb8+ Kg7 48. Rb7+ Kf8 49. Rb8+ Ke7 {[%emt 0:00:16] ( -> ...Qd1+)} 50. Rb7+ Ke6 {Quite a comeback for Black.  Weighted Error Value: White=0.72/Black=0.28 (precise)} 0-1